 Dungeon Crawl Stone Soup version 0.31.0-12-g77e489cdc1 (webtiles) character file.

Game seed: 15676549262205239700

744 hawla the Nimble (level 7, -4/57 HPs)
             Began as a Minotaur Fighter on Feb 18, 2024.
             Killed by nerve-wracking pain
             ... invoked by an orc priest
              (9 damage)
             ... on level 5 of the Dungeon.
             The game lasted 00:11:03 (4481 turns).

hawla the Nimble (Minotaur Fighter)                 Turns: 4481, Time: 00:11:03

Health: -4/57      AC:  9    Str: 20    XL:     7   Next: 47%
Magic:  6/6        EV: 12    Int:  5    God:
Gold:   499        SH:  5    Dex: 12    Spells: 6/6 levels left

rFire   . . .        a - +1 long sword
rCold   . . .        c - +0 buckler
rNeg    . . .        b - +1 scale mail
rPois   .            (helmet restricted)
rElec   .            r - +0 cloak
rCorr   .            (no gloves)
SInv    .            (no boots)
Will    .....        (no amulet) Stlth
                     (no ring)
HPRegen 0.29/turn    (no ring)
MPRegen 0.10/turn

%: no passive effects
@: no status effects
A: horns 2, retaliatory headbutt
a: no special abilities


You were on level 5 of the Dungeon.
You visited 2 branches of the dungeon, and saw 6 of its levels.
You also visited: Sewer.

You collected 499 gold pieces.

Inventory:

Hand Weapons
 a - a +1 long sword (weapon)
Missiles
 q - 3 poisoned darts (quivered)
Armour
 b - a +1 scale mail (worn)
 c - a +0 buckler (worn)
 r - a +0 cloak (worn)
Jewellery
 j - a ring of fire
Wands
 f - a wand of charming (10)
Scrolls
 i - a scroll of fear
 m - 2 scrolls of teleportation
 o - a scroll of acquirement {unknown}
 p - a scroll of blinking
 s - a scroll of vulnerability {unknown}
Potions
 d - a potion of ambrosia {unknown}
 e - a potion of enlightenment
 g - a potion of curing
 h - a potion of lignification
 k - 2 potions of berserk rage {unknown}
 l - a potion of resistance {unknown}
 n - 2 potions of cancellation {unknown}


   Skills:
 - Level 3.6 Fighting
 - Level 2.4 Long Blades
 - Level 3.6 Armour
 - Level 8.0 Dodging
 - Level 5.0 Shields
 + Level 2.0 Evocations


You had 6 spell levels left.
You didn't know any spells.
Your spell library was empty.

Dungeon Overview and Level Annotations

Branches:
Dungeon (5/15)             Temple (1/1) D:4           Sewer (visited)

Altars:
Ashenzari
Dithmenos
Gozag
Kikubaaqudgha
Nemelex Xobeh
Okawaru
Sif Muna
Trog
Uskayaw
Xom
Zin

Shops:
D:2 (


Innate Abilities, Weirdness & Mutations

You have a pair of horns on your head.
You reflexively headbutt those who attack you in melee.


Message History

The ribbon worm barely misses you. You furiously retaliate!
You headbutt the ribbon worm.
Unknown command.
You feel better. You block the orc priest's attack.
The orc wizard gestures at you while chanting.
The magic dart hits you. You block the ribbon worm's attack.
You barely miss the orc priest. You headbutt the orc priest!
The orc priest is severely wounded.
The orc priest hits you with a +0 hand axe.
The orc wizard barely misses you.
The ribbon worm expels a string of sticky webbing.
The stream of webbing hits you but does no damage.
You are caught in a web!
You struggle to detach yourself from the web.
The orc wizard hits you with a +0 dagger.
The orc priest hits you but does no damage.
Unknown command.
You struggle to detach yourself from the web.
The orc wizard closely misses you.
The orc priest calls down the wrath of Beogh upon you.
Beogh smites you!
* * * LOW HITPOINT WARNING * * *
The ribbon worm bites you but does no damage.
Unknown command.
The web tears apart.
The orc priest hits you but does no damage.
The orc wizard gestures at you while chanting.
The magic dart hits you.
* * * LOW HITPOINT WARNING * * *
The ribbon worm closely misses you.
Unknown command.
You closely miss the orc priest. You headbutt the orc priest.
The orc priest is severely wounded.
The orc wizard points at you and mumbles some strange words.
You resist with some effort.
The orc priest looks braver for a moment.
You block the ribbon worm's attack. The orc wizard misses you.
The orc priest invokes the aid of Beogh against you.
Pain shoots through your body!
You die...

..................
.#...................
'...................
#...........$.......
#...............>...
+..$................
#...................
#.oow...............
#..@................
#...................
#...................
#....$..............
#...................
+...................
#...................
######...>...............
.........................


You could see a ribbon worm, an orc priest and an orc wizard.

Vanquished Creatures
  An ice beast (D:5)
  3 bullfrogs
  A scorpion (D:4)
  The ghost of Gadfly the Sneak, a weakling SpEn (D:3)
  A hound (D:5)
  An orc priest (D:4)
  An iguana (D:4)
  2 orc wizards
  8 adders
  3 river rats (D:3)
  6 dart slugs
  A ribbon worm (D:4)
  7 orcs
  15 ball pythons
  4 bats
  5 endoplasms
  16 giant cockroaches
  7 goblins
  9 hobgoblins
  7 quokkas
  13 frilled lizards
  7 kobolds
  7 rats
126 creatures vanquished.

Vanquished Creatures (others)
  An orc wizard (D:5)
1 creature vanquished.

Grand Total: 127 creatures vanquished

Notes
Turn   | Place    | Note
-------+----------+-------------------------------------------
     0 | D:1      | hawla the Minotaur Fighter began the quest for the Orb.
     0 | D:1      | Reached XP level 1. HP: 19/19 MP: 0/0
    94 | D:1      | Reached XP level 2. HP: 17/26 MP: 1/1
   153 | D:1      | You fall into a shaft and drop 1 floor!
   348 | D:1      | Reached skill level 5 in Shields
   435 | D:1      | Reached XP level 3. HP: 28/31 MP: 2/2
   517 | D:1      | Found a faded altar of an unknown god.
   532 | D:1      | Reached skill level 1 in Dodging
  1268 | D:2      | Reached skill level 2 in Dodging
  1464 | D:2      | Found Syliaryn's Weapon Emporium.
  1912 | D:3      | Reached XP level 4. HP: 34/39 MP: 3/3
  2100 | D:3      | Reached skill level 3 in Dodging
  2164 | D:3      | Found a runed translucent gate.
  2165 | D:3      | Found a runed translucent gate.
  2165 | D:3      | Found a runed translucent gate.
  2166 | D:3      | Found an opulent altar of Gozag.
  2167 | D:3      | Noticed a bullfrog
  2167 | D:3      | Noticed Gadfly's ghost (weakling SpEn)
  2234 | D:3      | Found a glowing silver altar of Zin.
  2409 | D:3      | Found a glowing drain.
  2422 | Sewer    | Entered a sewer
  2574 | Sewer    | Reached skill level 4 in Dodging
  2582 | Sewer    | Reached XP level 5. HP: 19/45 MP: 4/4
  2786 | Sewer    | Reached skill level 5 in Dodging
  2910 | Sewer    | Reached XP level 6. HP: 27/51 MP: 5/5
  3142 | D:3      | Reached skill level 6 in Dodging
  3282 | D:3      | Killed Gadfly's ghost
  3556 | D:4      | Found a staircase to the Ecumenical Temple.
  3567 | Temple   | Entered the Ecumenical Temple
  3769 | D:4      | Reached skill level 7 in Dodging
  3853 | D:4      | Reached XP level 7. HP: 57/57 MP: 6/6
  4280 | D:5      | Entered Level 5 of the Dungeon
  4295 | D:5      | Reached skill level 8 in Dodging
  4295 | D:5      | Reached skill level 1 in Evocations
  4481 | D:5      | Killed from afar by an orc priest

Illustrated notes

Levels and vault maps discovered:
D:1:      amcnicky_arrival_flooded_fountain, layout_basic,
          ebering_ecumenical_altar_webs, minmay_tiny_reverse_x
D:2:      layout_rooms, serial_shops, shop
D:3:      layout_loops_ring, zin_treasury, portal_sewer_entry_e,
          ebering_ghost_gozag
D:4:      layout_loops_cross, minmay_temple_entry_mini_moons, minivault_5,
          serial_bayou_pond_d
D:5:      layout_gridville, slow_altar_1, mainiacjoe_overflow_alcove_4,
          minmay_misc_feat_tower, uniq_edmund, uniq_blork_the_orc, uniq_menkaure
Temple:   dpeg_chambers_temple

Skill      XL: |  1  2  3  4  5  6  7 |
---------------+----------------------+-----
Shields        | 4 5 |  5.0
Dodging        | 2 4 5 7 8 |  8.0
Evocations     | 2 |  2.0
Fighting       | |  3.6
Long Blades    | |  2.4
Armour         | |  3.6

Action                     |  1- 3 |  4- 6 |  7- 9 || total
---------------------------+-------+-------+-------++-------
  Melee: Long sword        |   100 |   178 |    32 ||   310
         Headbutt          |    13 |    22 |    12 ||    47
    Use: Scroll            |     5 |     3 |     1 ||     9
         Potion            |       |     5 |     1 ||     6
 Armour: Scale mail        |    68 |   181 |    34 ||   283
  Dodge: Dodged            |    62 |   153 |    26 ||   241
  Block: Buckler           |    20 |    62 |    12 ||    94
